Map: Ascension to Aiur LE

Players

TYTY (TY) - Winner!

  • Race: Terran Terran
  • Spawn Location: 11:00

Rogue

  • Race: Zerg Zerg
  • Spawn Location: 5:00

Event: 2017 WCS Global Finals

VOD

Have the link to the VOD?

Description

Time

  • Played on: Nov. 4, 2017, 4:27 p.m.
  • Length: 12:41

All games in this series

Show
View Real Time Build Order
Export as new Build Order

TYTY Terran - Winner!

Build Orders: Command Center First (CC), Liberator Opening, Mech 

Get SALT Encoding   

  12  0:00  SCV  
  13  0:12  SCV  
  14  0:17  Supply Depot  
  14  0:24  SCV  
  15  0:38  SCV  
  16  0:50  SCV  
  17  0:59  Command Center  
  17  1:02  SCV  
  18  1:13  Barracks  
  18  1:16  SCV  
  19  1:21  Refinery  
  19  1:27  Refinery  
  19  1:30  SCV  
  20  1:42  SCV  
  21  1:59  Reaper  
  23  2:01  Orbital Command  
  22  2:11  Orbital Command  
  22  2:16  Factory  
  22  2:27  SCV  
  23  2:31  Barracks Reactor  
  23  2:37  SCV  
  24  2:39  SCV  
  25  2:47  Supply Depot  
  25  2:49  SCV  
  25  2:51  SCV  
  27  3:00  Starport  
  27  3:01  SCV  
  27  3:03  SCV  
  29  3:10  Hellion x2  
  33  3:13  SCV, Marine  
  33  3:15  SCV  
  33  3:16  Supply Depot  
  33  3:19  Liberator  
  36  3:25  SCV  
  37  3:27  SCV  
  37  3:32  Hellion x2  
  42  3:34  Supply Depot  
  42  3:37  SCV  
  42  3:38  Barracks Tech Lab  
  46  3:42  SCV  
  47  3:49  SCV  
  47  3:54  Hellion x2, SCV  
  53  3:58  Supply Depot  
  53  4:01  SCV  
  54  4:05  Armory  
  54  4:06  SCV  
  55  4:13  SCV  
  55  4:15  Hellion x2  
  60  4:18  SCV  
  61  4:25  SCV  
  61  4:26  Banshee  
  61  4:27  Supply Depot, Cloaking Field  
  61  4:30  SCV  
  66  4:38  Hellion  
  68  4:40  Hellion  
  70  4:47  Command Center  
  70  4:49  SCV  
  70  4:52  SCV  
  72  4:54  Supply Depot  
  72  4:55  Supply Depot  
  72  5:01  Hellion  
  72  5:02  Hellion x6  
  71  5:09  Banshee  
  71  5:10  Refinery  
  71  5:11  Refinery  
  71  5:13  SCV  
  75  5:22  SCV  
  75  5:24  Hellion x2  
  75  5:25  SCV  
  75  5:27  Factory  
  81  5:28  Factory  
  81  5:33  Terran Vehicle Weapons Level 1  
  81  5:34  SCV  
  82  5:37  SCV  
  82  5:40  Supply Depot x2  
  83  5:43  Barracks Tech Lab  
  83  5:46  SCV  
  83  5:47  Hellion x2  
  83  5:49  SCV  
  88  5:58  SCV  
  88  6:01  Orbital Command  
  88  6:02  SCV  
  88  6:03  Starport Reactor  
  90  6:08  Hellion x2  
  94  6:18  SCV  
  95  6:21  Thor x2  
  107  6:26  SCV x2  
  107  6:27  Refinery  
  107  6:29  Infernal Pre-Igniter, Refinery  
  107  6:30  Supply Depot  
  107  6:31  SCV  
  110  6:36  Hellion x2  
  110  6:38  SCV  
  110  6:39  SCV  
  116  6:41  Supply Depot  
  116  6:43  Supply Depot, SCV  
  116  6:46  Medivac x2  
  121  6:48  Supply Depot  
  121  6:50  SCV  
  121  6:51  SCV  
  123  6:56  SCV  
  123  6:59  Hellion x2  
  128  7:03  SCV x2  
  128  7:06  Siege Tank  
  128  7:07  Siege Tank  
  128  7:08  SCV  
  137  7:15  Supply Depot, SCV  
  138  7:18  Supply Depot  
  138  7:22  Viking x2, Hellion x2  
  146  7:36  Supply Depot, SCV x2, Factory  
  148  7:37  Factory  
  148  7:39  Hellion x2  
  141  7:52  Hellion  
  141  7:53  Hellion, SCV x2  
  144  8:00  Siege Tank  
  144  8:03  SCV  
  144  8:05  SCV  
  145  8:09  Command Center x2  
  145  8:11  Siege Tank  
  134  8:13  SCV  
  134  8:18  SCV  
  135  8:21  Hellion x2  
  131  8:28  Engineering Bay  
  131  8:30  Starport Reactor  
  131  8:31  Hellion x2  
  131  8:32  Factory Tech Lab, Siege Tank  
  131  8:34  SCV x2  
  135  8:42  Hellion x2  
  139  8:50  Siege Tank  
  139  8:51  Hellion  
  139  8:53  Hellion  
  142  8:56  Liberator x2  
  142  8:58  SCV x2  
  142  8:59  Terran Vehicle Weapons Level 2  
  142  9:01  Armory  
  144  9:03  Hellion  
  144  9:04  Siege Tank  
  144  9:08  Hellion x2  
  155  9:17  Hellion x2  
  155  9:20  SCV  
  156  9:25  Siege Tank  
  156  9:26  Hellion  
  161  9:31  Planetary Fortress  
  161  9:33  Refinery x2  
  161  9:34  Hellion x2  
  161  9:36  Siege Tank  
  165  9:41  Hellion x2  
  165  9:42  Sensor Tower, Liberator x2  
  165  9:45  Sensor Tower  
  169  9:47  Hellion  
  171  9:55  Hellion  
  171  9:57  Siege Tank  
  171  9:58  Hellion  
  182  10:02  Hellion  
  186  10:07  Hellion  
  182  10:18  Hellion x2  
  176  10:22  Hellion x2  
  176  10:27  Starport  
  176  10:29  Starport, Liberator x2  
  176  10:30  Terran Vehicle And Ship Armor Level 1  
  176  10:31  Hellion x2  
  176  10:35  Siege Tank  
  183  10:39  Hellion x2  
  187  10:43  Siege Tank  
  187  10:45  Hellion  
  194  10:52  Hellion  
  194  10:55  Fusion Core, Hellion  
  192  11:01  Hellion  
  192  11:05  Starport Tech Lab x2  
  192  11:07  Liberator, Hellion x2  
  178  11:12  Liberator x2  
  178  11:14  Siege Tank  
  169  11:20  SCV x2  
  168  11:26  Starport Reactor  
  168  11:27  Hellion x2  
  168  11:30  Hellion x2  
  176  11:33  Hellion x5  
  176  11:48  Hellion x2  
  183  12:03  Hellion x2  
  159  12:16  Hellion  
  159  12:17  Hellion  
  159  12:21  Refinery x2, SCV x2  
Show
View Real Time Build Order
Export as new Build Order

Rogue Zerg 

Build Orders: Hatch First, Swarm Host 

Get SALT Encoding   

  12  0:00  Drone  
  13  0:12  Overlord  
  13  0:17  Drone  
  14  0:30  Drone  
  14  0:31  Drone  
  14  0:34  Drone  
  17  0:50  Hatchery  
  17  0:53  Drone  
  17  0:57  Drone  
  18  1:07  Extractor  
  17  1:12  Spawning Pool  
  17  1:14  Drone  
  17  1:18  Drone  
  18  1:28  Drone  
  19  1:38  Overlord  
  19  1:59  Queen, Zergling x2  
  19  2:00  Zergling x2  
  23  2:02  Queen, Zergling x2  
  26  2:10  Drone  
  26  2:13  Drone  
  28  2:19  Metabolic Boost  
  28  2:21  Drone  
  29  2:27  Drone  
  30  2:35  Hatchery  
  29  2:38  Drone  
  29  2:41  Drone  
  31  2:46  Queen  
  33  2:52  Overlord  
  33  2:56  Drone x2  
  35  2:59  Drone  
  36  3:11  Drone x5  
  41  3:14  Drone x2  
  41  3:18  Overlord  
  43  3:20  Drone  
  44  3:36  Queen x2  
  48  3:43  Zergling x4  
  48  3:45  Drone  
  48  3:46  Drone  
  48  3:47  Overlord  
  48  3:48  Queen  
  54  3:50  Drone x2  
  54  3:53  Drone  
  54  3:54  Drone  
  58  3:59  Overlord  
  58  4:04  Overlord  
  58  4:08  Zergling x4  
  58  4:09  Drone x3  
  63  4:13  Drone x2  
  65  4:20  Queen  
  65  4:21  Queen  
  68  4:28  Drone  
  68  4:30  Baneling Nest, Drone x2  
  68  4:31  Drone  
  71  4:34  Spore Crawler  
  71  4:38  Zergling x10  
  73  4:40  Zergling x2  
  73  4:52  Drone x2  
  74  4:54  Drone  
  75  5:00  Zergling x2  
  75  5:01  Zergling x4  
  75  5:02  Drone x4  
  75  5:03  Drone x3  
  81  5:10  Overlord  
  81  5:11  Lair  
  81  5:14  Overlord  
  81  5:15  Extractor  
  81  5:19  Spine Crawler, Overlord, Baneling x3  
  79  5:23  Extractor, Drone x2  
  79  5:25  Extractor  
  79  5:27  Evolution Chamber, Queen, Drone x2  
  79  5:28  Evolution Chamber, Overlord  
  81  5:32  Overlord  
  81  5:35  Drone  
  81  5:36  Drone x3  
  81  5:38  Drone x2  
  81  5:39  Drone  
  88  5:45  Drone x2  
  88  5:49  Drone x4  
  94  5:51  Extractor, Drone  
  94  5:52  Extractor  
  94  5:56  Spore Crawler  
  89  5:57  Spore Crawler  
  89  5:59  Drone  
  89  6:00  Drone x4  
  91  6:05  Drone x2  
  91  6:09  Overseer  
  90  6:14  Drone x5  
  90  6:17  Drone  
  95  6:18  Hydralisk Den, Overseer  
  95  6:24  Drone x2  
  96  6:28  Drone  
  96  6:31  Zerg Melee Weapons Level 1  
  96  6:32  Drone x2  
  99  6:38  Hatchery  
  99  6:39  Drone x4  
  100  6:41  Zergling x4  
  100  6:44  Drone x2  
  100  6:46  Overlord  
  104  6:57  Muscular Augments  
  104  6:58  Zerg Missile Weapons Level 1  
  103  7:03  Hatchery  
  102  7:09  Hydralisk x6  
  102  7:13  Overlord x2  
  102  7:15  Baneling x2  
  114  7:20  Hydralisk x3  
  120  7:24  Overlord  
  120  7:30  Hydralisk x3  
  120  7:31  Overlord  
  120  7:33  Hydralisk  
  128  7:38  Infestation Pit  
  128  7:39  Hydralisk x2  
  121  7:54  Hydralisk  
  121  7:57  Hydralisk x5  
  129  7:59  Zergling x12  
  129  8:00  Zergling x2  
  129  8:04  Zergling x2  
  107  8:07  Zergling x4  
  96  8:13  Drone x4  
  96  8:14  Queen  
  96  8:16  Drone x2  
  96  8:17  Drone  
  96  8:19  Drone  
  96  8:23  Drone  
  96  8:26  Drone  
  97  8:28  Drone  
  97  8:31  Drone x2  
  100  8:38  Drone x4  
  106  8:41  Drone x2  
  106  8:48  Drone x2  
  108  8:49  Zergling x2  
  108  8:50  Zergling x8  
  110  8:57  Overlord  
  110  9:08  Swarm Host x6  
  127  9:13  Centrifical Hooks  
  122  9:24  Drone x4  
  120  9:27  Swarm Host x5  
  132  9:38  Drone x4  
  136  9:39  Drone  
  136  9:40  Drone x3  
  139  9:50  Hydralisk x4  
  139  9:51  Hydralisk  
  139  9:52  Overlord  
  149  9:58  Zergling x2  
  149  9:59  Zergling x12  
  155  10:08  Baneling x3  
  153  10:17  Hydralisk x4  
  153  10:20  Drone x4  
  154  10:21  Extractor  
  154  10:22  Extractor, Zergling x16  
  158  10:28  Drone  
  158  10:36  Swarm Host x3  
  158  10:40  Zergling x2, Hatchery  
  158  10:41  Zergling x8  
  169  10:48  Baneling x10  
  168  10:55  Overlord x3  
  168  10:57  Overlord  
  168  11:01  Overlord  
  166  11:09  Zergling x14  
  166  11:10  Zergling x12  
  164  11:15  Drone  
  159  11:19  Swarm Host x2  
  159  11:22  Drone x4  
  159  11:23  Drone x3  
  159  11:24  Zergling x4  
  159  11:25  Zergling x2  
  169  11:28  Drone  
  169  11:29  Drone x2  
  169  11:31  Baneling x4  
  172  11:47  Baneling x6  
  172  11:48  Baneling x2  
  172  11:52  Baneling  
  172  11:53  Baneling, Zergling x2  
  172  11:54  Zergling x12  
  179  11:58  Baneling x5  
  179  12:02  Zergling x10  
  175  12:14  Zergling x2  
  175  12:15  Zergling x20  
  154  12:16  Zergling x2  
  154  12:22  Zergling x12  
  153  12:23  Zergling x2  
Tags
 
Add a new tag
Caveats
  • Supply blocks, unpowered buildings, or Contaminate may cause inaccurate times.
  • Supply counts are checked every 10 seconds.